 Dungeon Crawl Stone Soup version 0.26.1-10-gdfb7c7de75 (webtiles) character file.

Game seed: 5503570886604912739

25079 manyhoops the Grappler (level 12, -10/108 HPs)
             Began as a Palentonga Transmuter on Apr 8, 2021.
             Was a Believer of Uskayaw.
             Mangled by a nine-headed hydra (16 damage)
             ... on level 1 of the Lair of Beasts.
             The game lasted 00:29:29 (20413 turns).

manyhoops the Grappler (Palentonga Transmuter)     Turns: 20413, Time: 00:29:30

Health: -10/108    AC: 15    Str: 17    XL:     12   Next: 86%
Magic:  18/33      EV: 12    Int: 14    God:    Uskayaw [**....]
Gold:   366        SH:  0    Dex: 12    Spells: 16/28 levels left

rFire    + + .     SeeInvis +     - Unarmed
rCold    + . .     Faith    +   (shield currently unavailable)
rNeg     . . .     Spirit   .   y - +3 leather armour {Will+}
rPois    .         Reflect  .   (helmet restricted)
rElec    .         Harm     .   s - scarf {rC+ rF+}
rCorr    .         Rampage  .   (gloves currently unavailable)
Will     +....                  (no barding)
Stlth    +.........             l - amulet of faith
HPRegen  0.28/turn              b - ring of protection from fire
MPRegen  0.23/turn              t - ring of magical power

@: blade hands (expiring), studying Ice Magic, curled up
A: large, antennae 1, hooves 1, rugged brown scales 3, see invisible, deformed
body, mutation resistance 1, roll 1, armoured tail, reflexive curl
a: Rolling Charge, End Transformation, Renounce Religion, Stomp, Line Pass


You were on level 1 of the Lair of Beasts.
You worshipped Uskayaw.
Uskayaw was noncommittal.
You had blades for hands.
You visited 3 branches of the dungeon, and saw 16 of its levels.
You also visited: Ice Cave.

You collected 902 gold pieces.
You spent 536 gold pieces at shops.

Inventory:

Hand Weapons
 I - the +9 war axe "Zibb" {freeze, rElec, unknown}
   (You found it on level 1 of the Lair of Beasts)

   It has been specially enchanted to freeze those struck by it, causing extra
   injury to most foes and up to half again as much damage against particularly
   susceptible opponents.
   It can also slow down cold-blooded creatures.
   It insulates you from electricity.
Armour
 k - a +1 robe of cold resistance
 n - a +0 helmet
 s - a scarf of resistance (worn)
 y - a +3 leather armour of willpower (worn)
 C - a +1 pair of gloves of strength (melded)
Magical Staves
 f - an uncursed staff of death {unknown}
Jewellery
 b - a ring of protection from fire (left scythe-like blade)
 c - an uncursed ring of ice
 l - an amulet of faith (around neck)
 t - a ring of magical power (right scythe-like blade)
 H - an uncursed ring of protection from fire
Wands
 p - a wand of iceblast (58)
 w - a wand of paralysis (8)
 E - a wand of digging (6)
 G - a wand of random effects (23)
 J - a wand of flame (23)
Scrolls
 a - a scroll of holy word
 d - 7 scrolls of remove curse
 g - a scroll of magic mapping
 j - a scroll of fog
 v - 4 scrolls of enchant weapon
 x - a scroll of enchant armour
 D - a scroll of immolation
 F - a scroll of amnesia
 K - a scroll of teleportation
Potions
 e - 2 potions of brilliance
 m - a potion of might
 o - 2 potions of cancellation
 q - 3 potions of attraction
 r - 2 potions of resistance {unknown}
 z - a potion of invisibility
Books
 u - a manual of Ice Magic
 B - a manual of Ice Magic


   Skills:
 * Level 7.7 Fighting
 - Level 4.8 Armour
 - Level 6.1 Dodging
 + Level 12.7 Unarmed Combat
 - Level 8.9 Spellcasting
 - Level 10.1 Transmutations


You had 16 spell levels left.
You knew the following spells:

 Your Spells              Type           Power        Failure   Level
a - Beastly Appendage     Tmut           68%          9%          1
b - Wereblood             Tmut           34%          10%         2
d - Ice Form              Ice/Tmut       20%          58%         4
f - Blade Hands           Tmut           17%          36%         5

Your spell library contained the following spells:

 Spells                   Type           Power        Failure   Level
 Sting                    Tmut/Pois      80%          21%         1
 Spider Form              Tmut/Pois      10%          34%         3
 Ignite Poison            Fire/Tmut/Pois 15%          47%         3
 Corona                   Hex            6%           54%         1
 Foxfire                  Conj/Fire      24%          54%         1
 Freeze                   Ice            24%          54%         1
 Magic Dart               Conj           24%          54%         1
 Blink                    Tloc           N/A          65%         2
 Call Imp                 Summ           6%           65%         2
 Ensorcelled Hibernation  Hex/Ice        12%          65%         2
 Poisonous Vapours        Pois/Air       12%          65%         2
 Slow                     Hex            6%           65%         2
 Confusing Touch          Hex            6%           80%         3
 Conjure Flame            Conj/Fire      6%           80%         3
 Dazzling Flash           Conj/Hex       12%          80%         3
 Frozen Ramparts          Ice            12%          80%         3
 Inner Flame              Hex/Fire       6%           80%         3
 Mephitic Cloud           Conj/Pois/Air  6%           80%         3
 Ozocubu's Armour         Ice            6%           80%         3
 Tukima's Dance           Hex            6%           80%         3
 Hailstorm                Conj/Ice       6%           98%         4
 Olgreb's Toxic Radiance  Pois           6%           98%         4
 Sticky Flame             Conj/Fire      6%           98%         4
 Summon Ice Beast         Ice/Summ       6%           98%         4
 Fireball                 Conj/Fire      3%           100%        5
 Starburst                Conj/Fire      3%           100%        6


Dungeon Overview and Level Annotations

Branches:
Dungeon (14/15)            Temple (1/1) D:4            Lair (1/6) D:9
  IceCv (visited)
    Orc: D:9-12      Vaults: D:13-14

Altars:
Ashenzari
Cheibriados
Dithmenos
Elyvilon
Fedhas
Gozag
Hepliaklqana
Kikubaaqudgha
Makhleb
Nemelex Xobeh
Okawaru
Qazlal
Ru
Sif Muna
Trog
Uskayaw
Vehumet
Wu Jian
Xom
Yredelemnul
Zin
The Shining One

Shops:
D:10 [!*   D:13 *

Annotations:
Lair:1 2 runed translucent doors


Innate Abilities, Weirdness & Mutations

You are completely covered in rugged brown scales. (AC +3, +7% HP)
You have supernaturally acute eyesight. (SInv)
Armour fits poorly on your strangely shaped body.
You can roll at nearby foes to attack.
You have a long armoured tail.
You curl defensively after being hit.
You have a pair of small antennae on your head.
You have large cloven feet.
You are somewhat resistant to further mutation.


Message History

Aiming: Line Pass
Press: ? - help, Dir - move target The nine-headed hydra appears confused.
Found 11 sling bullets.
Okay, then.
Aiming: Iceblast
Press: ? - help, Shift-Dir - straight line, f - nine-headed hydra
Aim: a nine-headed hydra (severely wounded, confused)
The mass of ice explodes!
The iceblast engulfs the nine-headed hydra!
The nine-headed hydra is almost dead.
The nine-headed hydra seems less confused.
Unknown command.
Aiming: Line Pass
Press: ? - help, Dir - move target, p - nine-headed hydra The nine-headed hydra appears confused.
The nine-headed hydra bites you.
* * * LOW HITPOINT WARNING * * *
The nine-headed hydra barely misses you.
The nine-headed hydra bites you!
You die...

,,,,,****,#......,*
,,,,,,,***#......**
,,,,,,,***#......*
,,,,,,,,,*#.....## *##
,,,,,,,,,##......###.#
,,,,,,,,*#.$........##
,,,,,,,,,,,**#.......###
,,,,,,,,,,** #..D......##
,,,,,,***,** #..@.$.....##
,,,,,****,,* #...........#
,,*****,,*,**#..........##
,**,,,≈≈,,,*≈##..[.....## #
,**,≈≈≈≈≈≈≈≈,*#....(.#..#########
,,,≈≈≈≈≈≈≈≈,,*##....###..........
..≈≈≈≈≈≈≈≈≈≈≈# #..### ##.........
..≈≈≈≈≈≈≈≈≈≈≈# #### #..#######
..≈≈≈≈.>.≈≈≈.# ##..#


You could see a nine-headed hydra (confused).

Vanquished Creatures
  Erolcha (D:9)
  A boulder beetle (D:12)
  A centaur warrior (D:13)
  7 two-headed ogres
  A skeletal warrior (D:14)
  3 unseen horrors
  A necromancer (IceCv)
  A cyclops (D:12)
  A manticore (D:12)
  A gargoyle (D:13)
  An ice statue (IceCv)
  2 cane toads (Lair:1)
  Maggie (D:9)
  6 komodo dragons
  10 freezing wraiths (IceCv)
  2 ice devils (Lair:1)
  A queen bee (shapeshifter) (D:13)
  2 trolls
  A hornet (D:12)
  3 slime creatures (D:12)
  A meliai zombie (D:10)
  A vampire (D:12)
  A shadow (D:13)
  3 yaks (D:12)
  A wyvern (D:8)
  A basilisk (D:12)
  Menkaure (D:7)
  3 water moccasins (Lair:1)
  An alligator simulacrum (IceCv)
  A phantom (D:10)
  7 ice beasts
  An orc warrior (D:11)
  3 sky beasts
  A black bear (D:8)
  7 ogres
  12 centaurs
  7 bullfrogs
  A wyvern skeleton (D:8)
  5 scorpions
  3 killer bees
  3 wights (D:7)
  A swamp dragon simulacrum (IceCv)
  A bullfrog zombie (D:12)
  3 quasits
  3 draconian simulacra (IceCv)
  3 hounds
  A human zombie (D:4)
  A jelly (D:10)
  2 orc priests
  4 centaur zombies
  8 orc wizards
  4 bullfrog skeletons
  3 centaur skeletons
  10 iguanas
  Terence (D:2)
  4 troll simulacra (IceCv)
  6 worker ants
  A spriggan simulacrum (IceCv)
  A polar bear simulacrum (IceCv)
  A wolf simulacrum (IceCv)
  6 centaur simulacra (IceCv)
  A hound zombie (D:8)
  A mummy (D:14)
  3 worker ant zombies
  4 gnolls (D:8)
  10 adders
  3 naga simulacra (IceCv)
  3 ogre simulacra (IceCv)
  A shadow imp (D:5)
  16 white imps
  An ufetubus (D:10)
  An ooze (D:2)
  A worm (D:2)
  A dart slug (D:2)
  2 leopard geckos
  29 orcs
  6 bats
  5 giant cockroaches
  A gnoll zombie (D:4)
  5 goblins
  3 hobgoblins (D:1)
  12 jackals
  4 quokkas
  3 ball pythons
  5 frilled lizards
  9 kobolds
  A leopard gecko skeleton (D:5)
  10 rats
316 creatures vanquished.

Vanquished Creatures (others)
  2 killer bees (D:9)
  A quokka zombie (D:9)
  24 plants
27 creatures vanquished.

Grand Total: 343 creatures vanquished

Notes
Turn   | Place    | Note
-------+----------+-------------------------------------------
     0 | D:1      | manyhoops the Palentonga Transmuter began the quest for the
                  | Orb.
     0 | D:1      | Reached XP level 1. HP: 17/17 MP: 3/3
   400 | D:1      | Reached XP level 2. HP: 24/24 MP: 5/5
  1272 | D:2      | Reached skill level 4 in Unarmed Combat
  1272 | D:2      | Reached XP level 3. HP: 19/31 MP: 6/6
  1829 | D:2      | Reached XP level 4. HP: 33/38 MP: 5/7
  1876 | D:2      | Found a glowing silver altar of Zin.
  2073 | D:2      | Noticed Terence
  2087 | D:2      | Killed Terence
  2187 | D:2      | Found a shimmering blue altar of Sif Muna.
  2188 | D:2      | Found an ornate altar of the Wu Jian Council.
  2189 | D:2      | Found a bloodstained altar of Trog.
  2200 | D:2      | Noticed a centaur
  2206 | D:2      | Killed a centaur
  2207 | D:2      | Reached skill level 5 in Unarmed Combat
  2207 | D:2      | Reached XP level 5. HP: 43/44 MP: 6/8
  3030 | D:3      | Learned a level 2 spell: Wereblood
  3158 | D:3      | Found a glowing golden altar of the Shining One.
  4041 | D:4      | Reached skill level 6 in Unarmed Combat
  4105 | D:4      | Reached XP level 6. HP: 51/54 MP: 9/9
  4363 | D:4      | HP: 1/54 [human zombie (5)]
  5165 | D:4      | Found a staircase to the Ecumenical Temple.
  5279 | Temple   | Entered the Ecumenical Temple
  5339 | Temple   | Became a worshipper of Uskayaw the Reveller
  5522 | D:5      | Entered Level 5 of the Dungeon
  5536 | D:5      | Reached * piety under Uskayaw
  5541 | D:5      | Reached ** piety under Uskayaw
  5956 | D:5      | Noticed a sky beast
  5965 | D:5      | Killed a sky beast
  5965 | D:5      | Reached *** piety under Uskayaw
  5966 | D:5      | Reached skill level 7 in Unarmed Combat
  5966 | D:5      | Gained mutation: You curl defensively after being hit.
                  | [Palentonga growth]
  5966 | D:5      | Reached XP level 7. HP: 52/60 MP: 8/10
  6424 | D:5      | Found a shimmering altar of Xom.
  6551 | D:5      | Reached skill level 8 in Unarmed Combat
  7102 | D:6      | Found an ancient bone altar of Kikubaaqudgha.
  7224 | D:6      | Reached skill level 1 in Armour
  7388 | D:6      | Found a shadowy altar of Dithmenos.
  7556 | D:7      | Found a snail-covered altar of Cheibriados.
  7654 | D:7      | Reached XP level 8. HP: 53/70 MP: 11/11
  8351 | D:8      | Noticed a two-headed ogre
  8851 | D:9      | Noticed Maggie
  8863 | D:9      | Reached **** piety under Uskayaw
  8864 | D:9      | Killed Maggie
  9125 | D:8      | Noticed a two-headed ogre
  9151 | D:8      | Killed a two-headed ogre
  9152 | D:8      | Reached skill level 5 in Dodging
  9152 | D:8      | Reached XP level 9. HP: 22/75 MP: 12/12
  9701 | D:8      | Found an iron altar of Okawaru.
 10149 | D:7      | Noticed Menkaure
 10157 | D:7      | Killed Menkaure
 10636 | D:8      | Noticed a two-headed ogre
 10652 | D:8      | Killed a two-headed ogre
 10743 | D:8      | Killed a two-headed ogre
 10744 | D:8      | Reached XP level 10. HP: 50/83 MP: 13/13
 11254 | D:9      | Noticed Erolcha
 11263 | D:9      | Killed Erolcha
 11552 | D:9      | Found a sacrificial altar of Ru.
 11589 | D:9      | Found a staircase to the Lair.
 11969 | D:9      | Noticed a two-headed ogre
 11977 | D:9      | Killed a two-headed ogre
 11978 | D:9      | Reached skill level 10 in Transmutations
 12465 | D:9      | Found a basalt altar of Yredelemnul.
 12502 | D:10     | Entered Level 10 of the Dungeon
 12502 | D:10     | Noticed a two-headed ogre
 12637 | D:10     | Found Goppugg's Distillery.
 12936 | D:10     | Bought a potion of heal wounds for 60 gold pieces
 12936 | D:10     | Bought a potion of curing for 36 gold pieces
 12936 | D:10     | Bought a potion of heal wounds for 60 gold pieces
 12936 | D:10     | Bought a potion of heal wounds for 60 gold pieces
 12936 | D:10     | Bought a potion of heal wounds for 60 gold pieces
 12936 | D:10     | Bought a potion of curing for 36 gold pieces
 12936 | D:10     | Bought a potion of mutation for 96 gold pieces
 12936 | D:10     | Gained mutation: You have a pair of small antennae on your
                  | head. [potion of mutation]
 12936 | D:10     | Gained mutation: You are somewhat resistant to further
                  | mutation. [potion of mutation]
 12936 | D:10     | Gained mutation: You have large cloven feet. [potion of
                  | mutation]
 12954 | D:10     | Noticed an unseen horror
 13396 | D:9      | Learned a level 5 spell: Blade Hands
 13401 | D:9      | Learned a level 4 spell: Ice Form
 13445 | D:10     | Found Osinwof's Antique Armour Shop.
 13481 | D:10     | Killed a two-headed ogre
 13489 | D:10     | Killed an unseen horror
 13490 | D:10     | Reached skill level 5 in Spellcasting
 13543 | D:10     | Reached XP level 11. HP: 76/89 MP: 19/19
 14023 | D:10     | Found Sedur's General Store.
 14026 | D:10     | Bought a potion of heal wounds for 80 gold pieces
 14026 | D:10     | Bought a scroll of teleportation for 48 gold pieces
 14117 | D:11     | Noticed a two-headed ogre
 14122 | D:11     | Killed a two-headed ogre
 14281 | D:11     | Noticed an eight-headed hydra
 14390 | D:12     | Noticed a boulder beetle
 14409 | D:12     | Killed a boulder beetle
 14620 | D:12     | Reached ***** piety under Uskayaw
 14757 | D:12     | Noticed a two-headed ogre
 14765 | D:12     | Killed a two-headed ogre
 14773 | D:12     | Noticed an unseen horror
 14781 | D:12     | Reached ****** piety under Uskayaw
 14782 | D:12     | Killed an unseen horror
 15267 | D:13     | Identified Zopujuh's Incunabulum of Ensnaring Ignition
 15280 | D:13     | Noticed an unseen horror
 15286 | D:13     | Killed an unseen horror
 15287 | D:13     | Reached skill level 9 in Unarmed Combat
 15292 | D:13     | Reached skill level 5 in Fighting
 15506 | D:13     | Found Zituonn's General Store.
 15912 | D:14     | Noticed a skeletal warrior
 15918 | D:14     | Killed a skeletal warrior
 15930 | D:14     | Reached XP level 12. HP: 62/101 MP: 24/24
 16113 | D:14     | Noticed a ghoul
 16116 | D:14     | Noticed a catoblepas
 16452 | D:13     | Noticed a centaur warrior
 16572 | D:13     | Killed a centaur warrior
 16573 | D:13     | Reached skill level 10 in Unarmed Combat
 17855 | Lair:1   | Entered Level 1 of the Lair of Beasts
 17886 | Lair:1   | Found a large runed translucent door.
 17886 | Lair:1   | Found a large runed translucent door.
 17971 | Lair:1   | Got a masterwork war axe
 18047 | Lair:1   | Reached skill level 11 in Unarmed Combat
 18472 | Lair:1   | Found a frozen archway.
 18497 | IceCv    | Entered an ice cave
 18506 | IceCv    | HP: 5/107 [swamp dragon simulacrum (6)]
 18510 | IceCv    | HP: 1/107 [swamp dragon simulacrum (12)]
 19462 | IceCv    | Reached skill level 12 in Unarmed Combat
 19722 | IceCv    | Found an ancient bone altar of Kikubaaqudgha.
 20401 | Lair:1   | Noticed a six-headed hydra
 20413 | Lair:1   | Mangled by a nine-headed hydra

Illustrated notes

Levels and vault maps discovered:
D:1:      dpeg_arrival_more_subterranean_lakeside_camping, layout_loops_ring,
          kennysheep_nondescript
D:2:      layout_basic, chequers_temple_overflow_statue_of_worship,
          zin_scriptorium, uniq_terence
D:3:      layout_loops_ring, tso_metal_star
D:4:      layout_gridville, temple_hall_moat, enter_ossuary_3,
          minmay_fractal_squares_diagonal_5
D:5:      layout_basic, lemuel_coloured_pillars_altar
D:6:      layout_rooms, kiku_gazebo_garden_becter,
          grunt_dithmenos_smoke_and_mirrors
D:7:      layout_loops_ring, cheibriados_altar_1, grunt_ministairs_1,
          uniq_menkaure
D:8:      layout_rooms, nicolae_overflow_hidden_temple
D:9:      layout_roguey, general_overflow_altar, nicolae_overflow_crystal_walls,
          david_lair_shrubbed, lemuel_old_faithful, uniq_erolcha, uniq_maggie
D:10:     layout_rooms, serial_shops, kennysheep_mini, nicolae_shop_crystal,
          nicolae_shop_waterfront
D:11:     layout_loops_ring, minmay_orc_entry_guard_dogs
D:12:     layout_cave_pools
D:13:     layout_rooms, serial_shops, nicolae_shop_behind_doors
D:14:     cheibrodos_lost_city_excavation, layout_loops_ring,
          hangedman_vaults_entry_quadrant_bands, serial_undead, serial_undead_e,
          serial_undead_a, serial_undead_e, serial_undead_e, serial_undead_e,
          serial_undead_f, serial_undead_c, serial_undead_c, dk_noncrumbling_4,
          kennysheep_kite_vault
Temple:   minmay_temple_curvy_loop
Lair:1:   beast_lair_carwin_large_4, layout_cave_pods,
          ebering_ghost_disaster_area, portal_ice_cave_demonic_guard,
          infiniplex_staircase_pool_2

Skill      XL: |  1  2  3  4  5  6  7  8  9 10 11 12 |
---------------+-------------------------------------+-----
Unarmed Combat | 4 5 6 7 8 9 12 | 12.7
Fighting       | 2 3 4 5 7 |  7.7
Dodging        | 2 5 6 |  6.1
Armour         | 1 4 |  4.8
Transmutations | 7 10 | 10.1
Spellcasting   | 5 8 |  8.9

Action                   |  1- 3 |  4- 6 |  7- 9 | 10-12 || total
-------------------------+-------+-------+-------+-------++-------
Melee: Unarmed           |   103 |   180 |   249 |   459 ||   991
       Tailslap          |     9 |    22 |    31 |    56 ||   118
       Kick              |     5 |    13 |    29 |   105 ||   152
       Headbutt          |     5 |     7 |    22 |     6 ||    40
       Punch             |       |     4 |    10 |    25 ||    39
 Cast: Beastly Appendage |     4 |    13 |    19 |     6 ||    42
       Wereblood         |       |     2 |     5 |     9 ||    16
       Blade Hands       |       |       |       |    44 ||    44
Invok: Stomp             |       |       |       |     4 ||     4
       Line Pass         |       |       |       |     4 ||     4
 Abil: Rolling Charge    |       |     4 |     9 |    34 ||    47
Evoke: Wand              |       |       |     9 |     1 ||    10
  Use: Potion            |       |     4 |     1 |    19 ||    24
       Scroll            |       |     2 |     7 |    27 ||    36
 Stab: Paralysed         |       |       |    18 |    25 ||    43
       Distracted        |       |       |       |     1 ||     1
       Confused          |       |       |       |     1 ||     1
Armor: Robe              |    35 |    26 |       |       ||    61
       Leather armour    |       |    23 |    87 |   177 ||   287
       Skin              |       |     7 |     6 |       ||    13
Dodge: Dodged            |    34 |    77 |   128 |   301 ||   540
